 Dungeon Crawl Stone Soup version 0.29.0-4-gdea44cf6ec (webtiles) character file.

Game seed: 3297990327569774607

26 qw the Ruffian (level 3, -4/28 HPs)
             Began as a Ghoul Fire Elementalist on Aug 30, 2022.
             Slain by Terence
             ... wielding a +0 flail
              (6 damage)
             ... on level 2 of the Dungeon.
             The game lasted 00:01:00 (1241 turns).

qw the Ruffian (Ghoul Fire Elementalist)            Turns: 1241, Time: 00:01:00

Health: -4/28      AC:  8    Str: 13    XL:     3   Next: 8%
Magic:  4/4        EV:  5    Int: 10    God:
Gold:   102        SH:  0    Dex:  9    Spells: 4/5 levels left

rFire   . . .      SeeInvis .     - Unarmed
rCold   + . .      Faith    .   (no shield)
rNeg    + + +      Spirit   .   f - +0 chain mail
rPois   inf        Reflect  .   (no helmet)
rElec   .          Harm     .   (no cloak)
rCorr   .          Rampage  .   (no gloves)
Will    .....                   (no boots)
Stlth   ..........              (no amulet)
HPRegen 0.00/turn               (no ring)
MPRegen 0.09/turn               (no ring)

@: inhibited regen
A: claws 1, cold resistance 1, negative energy resistance 3, inhibited
regeneration, torment resistance 2, devour on kill
a: no special abilities


You were on level 2 of the Dungeon.
You visited 1 branch of the dungeon, and saw 2 of its levels.

You collected 102 gold pieces.


Innate Abilities, Weirdness & Mutations

You are immune to poison.
You have sharp fingernails.
Your flesh is cold resistant. (rC+)
You are immune to negative energy. (rN+++)
You do not regenerate when monsters are visible.
You are immune to unholy pain and torment.
You thrive by killing the living.


   Skills:
 - Level 1.0 Fighting
 - Level 1.7 Dodging
 - Level 2.1 Stealth
 + Level 2.6 Unarmed Combat
 - Level 1.7 Spellcasting
 - Level 0.7 Conjurations
 - Level 2.4 Fire Magic


You had 4 spell levels left.
You knew the following spells:

 Your Spells              Type           Power      Damage    Failure   Level
a - Foxfire               Conj/Fire      16%        2x1d4     99%         1

Your spell library contained the following spells:

 Spells                   Type           Power      Damage    Failure   Level
 Scorch                   Fire           10%        2d6       100%        2
 Conjure Flame            Conj/Fire      4%         6-21      100%        3
 Inner Flame              Hex/Fire       3%         N/A       100%        3
 Flame Wave               Conj/Fire      4%         2d5       100%        4

Inventory:

Armour
 f - a +0 chain mail (worn)
Potions
 a - a potion of curing {unknown}
 b - a potion of flight {unknown}

Dungeon Overview and Level Annotations

Branches:
Dungeon (2/15)

Altars:

Annotations:
D:2 Terence


Message History

The quokka is heavily wounded.
The quokka barely misses you.
You miss the quokka.
The quokka is heavily wounded.
The quokka bites you. The quokka barely misses you.
You miss the quokka.
The quokka is heavily wounded.
The quokka barely misses you.
You scratch the quokka.
You kill the quokka!
You feel better.
Found a mace.
You see here a ring of poison resistance.
Found a stone staircase leading down.
Enter note:
b - a lumpy amethyst potion
Found a robe.
You now have 102 gold pieces (gained 17).
Terence the Incautious comes into view.
He is wielding a +0 flail.
Found a scale mail.
Terence shouts!
Enter note: You scratch Terence but do no damage.
Terence hits you with a +0 flail.
You barely miss Terence. Terence hits you with a +0 flail.
You scratch Terence. You claw Terence.
Terence is moderately wounded.
Terence asks, "Do you want it fast or slow?"
Terence drinks a potion.
Terence goes berserk!
You closely miss Terence.
Terence is moderately wounded.
Terence hits you with a +0 flail.
You scratch Terence but do no damage. Your claw misses Terence.
Terence is moderately wounded.
Terence hits you with a +0 flail! Terence hits you with a +0 flail.
You scratch Terence.
Terence is moderately wounded.
Terence hits you with a +0 flail.
You die...

#.....# #...
#.....# ####
#....## .
#.#####.# ##
#........
#.#####.# #.#
#.# #@#
#...@......#
..[.....#####.#
###.#.... #
#.... #....#
#....# .....#


You could see Terence (berserk).

Vanquished Creatures
  A dart slug (D:1)
  2 endoplasms (D:1)
  A giant cockroach (D:2)
  3 goblins (D:1)
  2 hobgoblins (D:1)
  2 jackals (D:1)
  A quokka (D:2)
  3 bats (D:1)
  3 frilled lizards (D:1)
  2 kobolds (D:1)
  3 rats
23 creatures vanquished.

Notes
Turn   | Place    | Note
-------+----------+-------------------------------------------
     0 | D:1      | qw the Ghoul Fire Elementalist began the quest for the Orb.
     0 | D:1      | Reached XP level 1. HP: 14/14 MP: 2/2
     0 | D:1      | 0 ||| qw: Version: 0.1-a-90-g952f4b7
     0 | D:1      | 0 ||| qw: Game counter: 4285
     0 | D:1      | 0 ||| qw: Always use a shield: true
     0 | D:1      | 0 ||| qw: God list: Okawaru
     0 | D:1      | 0 ||| qw: Allow faded altars: false
     0 | D:1      | 0 ||| qw: Do Orc after D:15 true
     0 | D:1      | 0 ||| qw: Do second Lair branch before Depths: true
     0 | D:1      | 0 ||| qw: Lair rune preference: random
     0 | D:1      | 0 ||| qw: Plans: Normal
     0 | D:1      | 0 ||| PLANNING D:1-11
    83 | D:1      | 83 ||| Stepping ~*~*~tactically~*~*~ (outnumbered).
    86 | D:1      | Reached skill level 1 in Unarmed Combat
    88 | D:1      | Reached XP level 2. HP: 16/20 MP: 3/3
   422 | D:1      | Reached skill level 1 in Fighting
   549 | D:1      | 549 ||| Stepping ~*~*~tactically~*~*~ (stealth).
  1009 | D:1      | 1009 ||| UPGRADING to +0 chain mail.
  1019 | D:1      | 1019 ||| DROPPING +0 robe.
  1020 | D:1      | 1020 ||| DROPPING ring of magical power.
  1021 | D:1      | 1021 ||| READING scroll labelled SANOYP WIFILUH.
  1022 | D:1      | 1022 ||| READING scroll labelled PUKLOU SEOXICSO.
  1025 | D:1      | 1025 ||| DROPPING potion of magic.
  1053 | D:2      | Reached XP level 3. HP: 28/28 MP: 4/4
  1092 | D:2      | 1092 ||| Stepping ~*~*~tactically~*~*~ (stealth).
  1230 | D:2      | Noticed Terence
  1240 | D:2      | HP: 7/28 [Terence/+0 flail (9)]
  1240 | D:2      | HP: 2/28 [Terence/+0 flail (5)]
  1241 | D:2      | Slain by Terence

Levels and vault maps discovered:
D:1:      kennysheep_arrival_forest, layout_loops_ring
D:2:      layout_basic, basic_altar, uniq_sigmund, uniq_terence

Skill      XL: |  1  2 |
---------------+-------+-----
Unarmed Combat | 1 2 |  2.6
Fighting       | 1 |  1.0
Dodging        | |  1.7
Stealth        | |  2.1
Spellcasting   | |  1.7
Conjurations   | |  0.7
Fire Magic     | |  2.4

Action                   || total
-------------------------++-------
Melee: Unarmed           ||    88
       Punch             ||     2
  Use: Scroll            ||     2
Armor: Robe              ||    18
       Chain mail        ||     5
Dodge: Dodged            ||    43

Table legend:
 A = Non-vault XP
 B = Vault XP
 C = Vault XP percentage of total XP
 D = Non-vault monster count
 E = Vault monster count
 F = Vault count percentage of total count
                 A         B        C        D         E       F
            +---------+---------+-------+---------+---------+-------
      Total |      38 |       0 |   0.0 |      23 |       0 |   0.0
            +---------+---------+-------+---------+---------+-------
        D:1 |      33 |       0 |   0.0 |      20 |       0 |   0.0
        D:2 |       5 |       0 |   0.0 |       3 |       0 |   0.0
            +---------+---------+-------+---------+---------+-------
